 Dungeon Crawl Stone Soup version 0.22-a0-181-gb22368a (webtiles) character file.

354 Amnesiac the Magician (level 6, -1/41 HPs)
             Began as a Mummy Earth Elementalist on Feb 14, 2018.
             Killed by divine providence
             ... invoked by an orc priest
              (10 damage)
             ... on level 4 of the Dungeon.
             The game lasted 00:04:36 (3987 turns).

Amnesiac the Magician (Mummy Earth Elementalist)    Turns: 3987, Time: 00:04:37

Health: -1/41      AC:  3    Str: 12    XL:     6   Next: 35%
Magic:  10/13      EV: 12    Int: 16    God:
Gold:   110        SH:  0    Dex: 12    Spells: 3/15 levels left

rFire    x . .     SeeInvis .   a - +0 short sword (curse)
rCold    + . .     Gourm    .   (no shield)
rNeg     + + +     Faith    .   c - +0 robe
rPois    ∞         Spirit   .   o - +0 helmet
rElec    .         Reflect  .   (no cloak)
rCorr    .         Harm     .   (no gloves)
MR       .....                  (no boots)
Stlth    ++........             (no amulet)
HPRegen  0.13/turn              (no ring)
MPRegen  0.13/turn              (no ring)

@: no status effects
A: no food or potions, fire vulnerability, cold resistance 1, negative energy
resistance 3, torment resistance, unbreathing
a: no special abilities


You were on level 4 of the Dungeon.
You were not hungry.

You visited 1 branch of the dungeon, and saw 4 of its levels.

You collected 110 gold pieces.

Inventory:

Hand Weapons
 a - a cursed +0 short sword (weapon)
 m - a cursed -3 dagger
Missiles
 b - 29 stones (quivered)
 n - 4 needles of sleeping
Armour
 c - a +0 robe (worn)
 o - a +0 helmet (worn)
Jewellery
 f - an uncursed ring of wizardry {unknown}
 i - an uncursed amulet of the gourmand {unknown}
Scrolls
 e - 2 scrolls of amnesia {!r, unknown}
 g - 2 scrolls of enchant weapon {!r, unknown}
 h - 3 scrolls of teleportation {!r, unknown}
 j - 3 scrolls of identify {!r, unknown}
 k - a scroll of random uselessness {!r, unknown}
 l - 2 scrolls of remove curse {!r, unknown}
 p - 2 scrolls of fear {!r, unknown}
 q - a scroll of enchant armour {!r, unknown}
Books
 d - a book of Geomancy

   Spells                             Type                      Level
   a - Sandblast                      Earth                        1
   b - Passwall                       Transmutation/Earth          2
   c - Stone Arrow                    Conjuration/Earth            3
   d - Petrify                        Transmutation/Earth          4
   e - Lee's Rapid Deconstruction     Earth                        5


   Skills:
 - Level 1.5 Dodging
 - Level 1.5 Stealth
 + Level 5.1 Spellcasting
 - Level 0.7 Transmutations
 * Level 5.1 Earth Magic


You had 3 spell levels left.
You knew the following spells:

 Your Spells              Type           Power        Failure   Level  Hunger
a - Sandblast             Erth           ###...       1%          1    N/A
b - Passwall              Tmut/Erth      ##........   7%          2    N/A
d - Lee's Rapid Deconstr  Erth           ###.......   45%         5    N/A
e - Petrify               Tmut/Erth      ##......     41%         4    N/A

Dungeon Overview and Level Annotations

Branches:
Dungeon (4/15)
 Temple: D:4-7

Altars:
Cheibriados


Innate Abilities, Weirdness & Mutations

You do not eat or drink.
Your flesh is vulnerable to fire.
You are immune to poison.
Your flesh is cold resistant. (rC+)
You are immune to negative energy. (rN+++)
You are immune to unholy pain and torment.
You can survive without breathing.


Message History

The orc is heavily wounded.
The orc hits you with a whip.
You hit the orc.
You kill the orc!
Things that are here:
a whip; a chain mail; an orc corpse You start resting.
Magic restored.
You start resting.
An orc wizard is nearby!
An orc wizard is nearby!
An orc wizard is nearby!
Casting: Sandblast (safe; 1% risk of failure)
Confirm with . or Enter, or press ? or * to list all spells.
You can't see any susceptible monsters within range! (Use Z to cast anyway.)
Casting: Sandblast (safe; 1% risk of failure)
Confirm with . or Enter, or press ? or * to list all spells.
You can't see any susceptible monsters within range! (Use Z to cast anyway.)
The orc priest shouts!
The orc wizard shouts!
The orc priest mumbles some strange prayers to Beogh against you.
Beogh smites you!
Casting: Sandblast (safe; 1% risk of failure)
Confirm with . or Enter, or press ? or * to list all spells.
Aiming: Sandblast (safe; 1% risk of failure)
Press: ? - help, Shift-Dir - straight line, f - orc wizard
Aim: an orc wizard, wielding a dagger of venom and wearing a robe The blast of sand hits the orc wizard.
The orc wizard is moderately wounded.
b - 31 stones An orc wizard comes into view.
It is wielding a mace.
Casting: Sandblast (safe; 1% risk of failure)
Confirm with . or Enter, or press ? or * to list all spells.
Aiming: Sandblast (safe; 1% risk of failure)
Press: ? - help, Shift-Dir - straight line, f/p - orc wizard
Aim: an orc wizard, wielding a dagger of venom and wearing a robe (moderately wounded)
The blast of sand hits the orc wizard.
The orc wizard is almost dead.
b - 30 stones The orc wizard gestures at you while chanting.
The magic dart hits you!
* * * LOW HITPOINT WARNING * * *
The orc wizard points at you and mumbles some strange words.
The magic dart hits you!
* * * LOW HITPOINT WARNING * * *
The orc priest looks encouraged for a moment.
Casting: Sandblast (safe; 1% risk of failure)
Confirm with . or Enter, or press ? or * to list all spells.
Aiming: Sandblast (safe; 1% risk of failure)
Press: ? - help, Shift-Dir - straight line, f/p - orc wizard
Aim: an orc wizard, wielding a dagger of venom and wearing a robe (almost dead)
The blast of sand hits the orc wizard.
You kill the orc wizard!
b - 29 stones
Things that are here:
a whip; a chain mail; an orc corpse The orc wizard points at you and mumbles some strange words.
The magic dart hits you!
* * * LOW HITPOINT WARNING * * *
There is a stone staircase leading down here.
The orc wizard mumbles some strange words.
The orc wizard seems to speed up.
The orc priest calls down the wrath of Beogh upon you.
Beogh smites you!
You die...

..##########
...........####
..######......# ...###
#)#.##.#
......##.#.o#.##
..oo.....##....## #
..##......o.....###..#
#............@..#
##)................#
#.....#.........#...#
....................#
...............<.......
................##.#...#
...........)....#......
..............#.#.. ...
..............# .


You could see an orc priest and an orc wizard.

Vanquished Creatures
  A scorpion (D:4)
  A quasit (D:4)
  An orc wizard (D:4)
  Robin (D:2)
  8 adders
  7 gnolls
  An ooze (D:4)
  An adder skeleton (D:4)
  A worm (D:2)
  2 dart slugs (D:3)
  4 orcs
  2 ball pythons (D:1)
  3 giant cockroaches
  20 goblins
  6 hobgoblins
  5 jackals (D:2)
  5 kobolds
  A quokka (D:3)
  3 bats
  7 frilled lizards
  5 rats
85 creatures vanquished.

Notes
Turn   | Place    | Note
-------+----------+-------------------------------------------
     0 | D:1      | Amnesiac the Mummy Earth Elementalist began the quest for the Orb.
     0 | D:1      | Reached XP level 1. HP: 13/13 MP: 4/4
   370 | D:1      | Reached XP level 2. HP: 15/19 MP: 5/5
  1314 | D:2      | Reached XP level 3. HP: 20/24 MP: 4/7
  1518 | D:2      | Reached XP level 4. HP: 17/30 MP: 2/9
  1890 | D:2      | Noticed Robin
  2333 | D:2      | Found a snail-covered altar of Cheibriados.
  2514 | D:2      | Killed Robin
  2514 | D:2      | Reached XP level 5. HP: 29/35 MP: 8/11
  2603 | D:2      | Found a snail-covered altar of Cheibriados.
  3420 | D:3      | Learned a level 2 spell: Passwall
  3425 | D:3      | Learned a level 4 spell: Petrify
  3431 | D:3      | Learned a level 5 spell: Lee's Rapid Deconstruction
  3749 | D:4      | Reached XP level 6. HP: 23/41 MP: 2/13
  3807 | D:4      | Reached skill level 5 in Earth Magic
  3887 | D:4      | Reached skill level 5 in Spellcasting
  3987 | D:4      | Killed from afar by an orc priest

Vault maps used:
D:1:      dpeg_arrival_rooms_c, lemuel_another_geyser
D:2:      lemuel_crystal_altar, first_ration, uniq_robin
D:4:      minmay_temple_entry_butterflies, serial_curves, eino_curves_01,
          eino_curves_01, uniq_ijyb

Skill      XL: |  1  2  3  4  5  6 |
---------------+-------------------+-----
Spellcasting   | 3 4 5 |  5.1
Earth Magic    | 3 4 5 |  5.1
Dodging        | |  1.5
Stealth        | |  1.5
Transmutations | |  0.7

Action                   |  1- 3 |  4- 6 || total
-------------------------+-------+-------++-------
Melee: Short sword       |   119 |   107 ||   226
 Cast: Sandblast         |    12 |    68 ||    80
 Stab: Sleeping          |     2 |     1 ||     3
Armor: Robe              |    28 |    23 ||    51
Dodge: Dodged            |    69 |    76 ||   145

Table legend:
 A = Spawn XP
 B = Non-spawn XP
 C = Spawn XP percentage of total XP
 D = Spawn monster count
 E = Non-spawn monster count
 F = Spawn count percentage of total count
 G = Total turns spent on level
                    A         B        C        D         E        F      G
               +---------+---------+-------+---------+---------+-------+---------
         Total |       0 |     506 |   0.0 |       0 |      85 |   0.0 |  3987
               +---------+---------+-------+---------+---------+-------+---------
           D:1 |       0 |      41 |   0.0 |       0 |      25 |   0.0 |  1327
           D:2 |       0 |     165 |   0.0 |       0 |      29 |   0.0 |  1468
           D:3 |       0 |     111 |   0.0 |       0 |      20 |   0.0 |   943
           D:4 |       0 |     189 |   0.0 |       0 |      11 |   0.0 |   249
               +---------+---------+-------+---------+---------+-------+---------
